 Dungeon Crawl Stone Soup version 0.28-a0-804-g60983d4ba9 (webtiles) character file.

Game seed: 11597963613116640167

51 kae the Caller (level 3, 0/20 HPs)
             Began as a Tengu Summoner on Nov 7, 2021.
             Succumbed to an adder's poison
             ... on level 2 of the Dungeon.
             The game lasted 00:01:17 (2540 turns).

kae the Caller (Tengu Summoner)                     Turns: 2540, Time: 00:01:18

Health: 0/20       AC:  2    Str:  8 (9)  XL:     3   Next: 81%
Magic:  15/16      EV: 12    Int: 12 (15) God:
Gold:   64         SH:  0    Dex: 11 (14) Spells: 0/6 levels left

rFire   . . .      SeeInvis .   b - +2 dagger (speed)
rCold   . . .      Faith    .   (no shield)
rNeg    . . .      Spirit   .   a - +0 robe
rPois   .          Reflect  .   (helmet restricted)
rElec   .          Harm     .   (no cloak)
rCorr   .          Rampage  .   (no gloves)
Will    .....                   (boots unavailable)
Stlth   ++........              (no amulet)
HPRegen 0.06/turn               h - ring of magical power
MPRegen 0.15/turn               (no ring)

@: lethally poisoned (0 -> -5)
A: beak, talons 3
a: no special abilities


You were on level 2 of the Dungeon.
You visited 1 branch of the dungeon, and saw 2 of its levels.

You collected 64 gold pieces.

Inventory:

Hand Weapons
 b - a +2 dagger of speed (weapon)
Armour
 a - a +0 robe (worn)
Jewellery
 h - a ring of magical power (left hand)
Scrolls
 c - a scroll of noise {unknown}
 d - a scroll of fear {unknown}
 f - a scroll of amnesia {unknown}
Potions
 e - a potion of might


   Skills:
 + Level 1.2 Fighting
 + Level 2.7 Dodging
 - Level 2.0 Stealth
 + Level 2.4 Spellcasting
 * Level 5.5 Summonings


You couldn't memorise any spells.
You knew the following spells:

 Your Spells              Type           Power      Damage    Failure   Level
a - Summon Small Mammal   Summ           56%        N/A       2%          1
b - Call Imp              Summ           14%        N/A       4%          2
c - Call Canine Familiar  Summ           14%        N/A       9%          3

Your spell library contained the following spells:

 Spells                   Type           Power      Damage    Failure   Level
 Summon Guardian Golem    Hex/Summ       8%         N/A       26%         3
 Summon Lightning Spire   Summ/Air       8%         N/A       63%         4


Dungeon Overview and Level Annotations

Branches:
Dungeon (2/15)

Altars:


Innate Abilities, Weirdness & Mutations

You have a beak for a mouth.
You have claws for feet.


Message History

There is a shaft here.
You see here a +0 robe.
An adder comes into view.
An adder is nearby!
An adder is nearby!
An adder is nearby!
An adder is nearby!
The adder hisses angrily.
The adder bites you but does no damage. The adder barely misses you.
You hit the adder.
The adder is lightly wounded.
An adder is nearby!
You closely miss the adder.
The adder is lightly wounded.
The adder bites you.
You are poisoned.
The adder poisons you!
You hit the adder.
The adder is lightly wounded.
You feel sick. The adder bites you but does no damage.
You hit the adder but do no damage.
The adder is lightly wounded.
You feel sick. The adder bites you.
You are too injured to fight recklessly!
You are too injured to fight recklessly!
You are too injured to fight recklessly!
Casting: Summon Small Mammal (safe; 2% risk of failure)
Confirm with . or Enter, or press ? or * to list all spells.
You feel sick. The adder bites you.
You feel sick. The adder bites you but does no damage. The adder bites you.
* * * LOW HITPOINT WARNING * * *
You are lethally poisoned!
The adder poisons you!
* * * LOW HITPOINT WARNING * * *
You feel sick.
Okay, then.
You swap places.
* * * LOW HITPOINT WARNING * * *
You feel sick.
Your rat barely misses the adder.
The adder barely misses you.
You die...

##...##.##...#########.#####
###..#.#..####.....#...##
##.###.## ....#......####
#..#..# #<.............
##.#.## #..........####
#.#.# ..(#.##...## #...#
##.#[###.####
##.########.#.# #....#
#.#..(....@.r# ####.#
#.#......###S# #.#
#.#......# #.# #.#
#.#......###.# #.#
#............# #.#
#.......###### #.# #.......#
#.### ##.#.#### #...# #.#.#
###^#


You could see an adder (ally target) and a friendly rat (summoned).

Vanquished Creatures
  An adder (D:2)
  A dart slug (D:2)
  A ball python (D:2)
  4 endoplasms
  4 goblins (D:1)
  5 hobgoblins
  3 bats (D:1)
  9 kobolds
  3 rats
31 creatures vanquished.

Vanquished Creatures (collateral kills)
  A dart slug (D:1)
  A giant cockroach (D:2)
  A frilled lizard (D:2)
3 creatures vanquished.

Vanquished Creatures (others)
  2 plants (D:1)
2 creatures vanquished.

Grand Total: 36 creatures vanquished

Notes
Turn   | Place    | Note
-------+----------+-------------------------------------------
     0 | D:1      | kae the Tengu Summoner began the quest for the Orb.
     0 | D:1      | Reached XP level 1. HP: 10/10 MP: 4/4
    72 | D:1      | Reached skill level 5 in Summonings
   150 | D:1      | Reached XP level 2. HP: 7/16 MP: 4/6
  1132 | D:1      | Reached XP level 3. HP: 16/20 MP: 5/7
  1270 | D:1      | Reached skill level 1 in Fighting
  1959 | D:2      | HP: 1/20 [poisoned by an adder]
  2374 | D:2      | Learned a level 2 spell: Call Imp
  2378 | D:2      | Learned a level 3 spell: Call Canine Familiar
  2539 | D:2      | HP: 1/20 [poisoned by an adder]
  2540 | D:2      | Succumbed to an adder's poison

Illustrated notes

Levels and vault maps discovered:
D:1:      saegor_arrival_simple_c, layout_basic, serial_bayou_lake_a
D:2:      minmay_general_purpose_star, layout_loops_ring,
          ebering_ecumenical_altar_box, minmay_misc_feat_room

Skill      XL: |  1  2  3 |
---------------+----------+-----
Summonings     | 5 |  5.5
Fighting       | 1 |  1.2
Dodging        | |  2.7
Stealth        | |  2.0
Spellcasting   | |  2.4

Action                   || total
-------------------------++-------
Melee: Unarmed           ||    12
       Peck              ||    10
       Kick              ||    14
       Dagger            ||    65
 Cast: Summon Small Mamm ||    19
  Use: Potion            ||     3
 Stab: Sleeping          ||     6
       Distracted        ||     1
Armor: Robe              ||    11
Dodge: Dodged            ||    34

Table legend: (Time is in decaauts)
 A = Elapsed time spent in this place.
 B = Non-inter-level travel time spent in this place.
 C = Inter-level travel time spent in this place.
 D = Time resting spent in this place.
 E = Time spent auto-exploring this place.
 F = Levels seen in this place.
 G = Mean time per level.
                   A        B        C        D        E       F      G
               +--------+--------+--------+--------+--------+-----+--------+
         Total |   2560 |   2487 |     73 |      0 |   2194 |   2 | 1280.0 |
       Dungeon |   2560 |   2487 |     73 |      0 |   2194 |   2 | 1280.0 |
               +--------+--------+--------+--------+--------+-----+--------+

Top non-repeatable levels by time:
     D:1: 1536 daAuts
     D:2: 1023 daAuts
